[Event "Early-Titled-Tuesday-Blitz-February-20-2024"]
[Site "Chess.com"]
[Date "2024.02.20"]
[Round "5"]
[White "ChessQueen"]
[Black "Alexander_Donchenko"]
[Result "1-0"]
[WhiteElo "2730"]
[BlackElo "2914"]
[TimeControl "180+1"]
[EndTime "8:57:52 PST"]
[Termination "ChessQueen won by checkmate"]

1. Nf3 Nf6 2. g3 b5 3. Bg2 Bb7 4. d3 e6 5. a4 a6 6. O-O Be7 7. e4 d6 8. Nc3 b4 9. Ne2 Nbd7 10. c3 a5 11. Re1 O-O 12. h3 c5 13. c4 Re8 14. g4 Nf8 15. Ng3 d5 16. e5 N6d7 17.
Qe2 Ng6 18. Nh5 Qc7 19. Nf4 Ndf8 20. cxd5 Nxf4 21. Bxf4 Bxd5 22. Nd2 Bxg2 23. Kxg2 Red8 24. Rac1 Rac8 25. b3 Qd7 26. Nc4 Ng6 27. Bg3 Qxd3 28.
Qxd3 Rxd3 29. Nxa5 Ra8 30. Nc6 Bf8 31. Re3 Rxe3 32.
fxe3 Rc8 33. Na5 Ne7 34. e4 g5 35. Nb7 Ng6 36. a5 Rc6 37. Ra1 Ra6 38. Bf2 Nxe5 39. Bxc5 Nc6 40. Bxf8 Kxf8 41. Rc1 Ke7 42. Nc5 Rxa5 43. Nxe6 Ra2+ 44. Kg3 fxe6 45. Rxc6 Rb2 46. Rc7+ Kf6 47. Rxh7 Ke5 48. Rg7 Rxb3+ 49. Kg2 Kf4 50.
Rb7 Rb2+ 51. Kf1 b3 52. Rb4 Kg3 53. e5 Kxh3 54. Kg1 Kg3 55. Kf1 Kf3 56. Kg1 Re2 57. Rxb3+ Kxg4 58. Rb5 Kf4 59. Kf1 Rxe5 60. Rb8 Ra5 61.
Rb4+ Kf5 62. Kf2 Ra3 63. Rc4 e5 64. Rb4 e4 65. Rb8 Kg4 66. Re8 Ra2+ 67. Ke3 Kg3 68. Rxe4 g4 69. Rb4 Kh3 70. Rb8 g3 71. Kf3 Rf2+ 72.
Ke3 Kg2 73. Rg8 Rf7 74. Ke2 Kh2 75. Rh8+ Kg1 76. Rg8 g2 77. Rg7 Re7+ 78. Rxe7 Kh2 79. Rh7+ Kg3 80. Rg7+ Kh2 81. Kf2 Kh1 82. Rh7# 1-0

[Event "Early-Titled-Tuesday-Blitz-February-20-2024"]
[Site "Chess.com"]
[Date "2024.02.20"]
[Round "5"]
[White "NastyaHn"]
[Black "Abund"]
[Result "0-1"]
[WhiteElo "2440"]
[BlackElo "2781"]
[TimeControl "180+1"]
[EndTime "8:57:52 PST"]
[Termination "Abund won by resignation"]

1. Nc3 d5 2. e4 dxe4 3. Nxe4 Nf6 4. Nxf6+ exf6 5. d4 Bd6 6. Be3 O-O 7. Bd3 Nd7 8.
Ne2 Re8 9. c4 c6 10. Qc2 Nf8 11. O-O-O Be6 12. Kb1 Rc8 13. Bf4 b5 14. c5 Bc7 15. Bxc7 Rxc7 16. Nf4 Rd7 17. Nxe6 fxe6 18. Be4 Qc7 19. Bf3 Red8 20. Qe4 Rd5 21. Qe3 R5d7 22. Qe4 Rc8 23. h4 Qd8 24. h5 Rd5 25. h6 g6 26. Qe2 Rd7 27. Qe3 Re7 28. Rhe1 Qc7 29. g4 g5 30. Qe4 Ng6 31. Qc2 Nf4 32. Be4 Rd8 33. Qc3 Rf7 34. Bf3 a5 35. Qe3 Rfd7 36.
Qe4 a4 37. Qxc6 Qb8 38. Qe4 b4 39. c6 Rd6 40. Rc1 Qc7 41. d5 Rxd5 42. Qxb4 Rd2 43. Qxa4 Rb8 44. Qa3 Nd3 45. Re2 Rxe2 46. Bxe2 Nxc1 47.
Kxc1 Qxc6+ 48. Qc3 Qxc3+ 49. bxc3 Kf7 50. Bc4 Rb6 51. Kc2 Kg6 52. Bd3+ Kxh6 53. a4 Kg7 54. a5 Rb7 55. a6 Rf7 56. Kb3 f5 57. gxf5 exf5 58.
Kb4 h5 59. Kb5 h4 60. Kb6 h3 61. Bf1 g4 62. a7 Rf8 63. Kb7 f4 64. a8=Q Rxa8 65.
Kxa8 f3 66. c4 h2 67. c5 h1=Q 68. c6 Qxf1 69. c7 Qa6+ 70. Kb8 Qb6+ 71. Ka8 Qa5+ 72. Kb8 Qb6+ 73. Ka8 Qc5 74. Kb8 g3 75. fxg3 f2 0-1

[Event "Early-Titled-Tuesday-Blitz-February-20-2024"]
[Site "Chess.com"]
[Date "2024.02.20"]
[Round "5"]
[White "Rud_Makarian"]
[Black "alexrustemov"]
[Result "1-0"]
[WhiteElo "3087"]
[BlackElo "2904"]
[TimeControl "180+1"]
[EndTime "8:57:56 PST"]
[Termination "Rud_Makarian won on time"]

1. d4 d5 2. c4 e6 3. Nf3 Nf6 4. g3 Bb4+ 5. Bd2 Be7 6. Bg2 O-O 7. Qc2 c6 8. O-O b6 9. Bf4 Ba6 10. Nbd2 Nbd7 11. Rfe1 c5 12. e4 dxe4 13. Nxe4 Nxe4 14. Rxe4 Bb7 15. Re2 cxd4 16. Rd1 Bxf3 17. Bxf3 Bf6 18. Bd6 Re8 19. Bxa8 Qxa8 20. Qe4 Qc8 21. Rc1 Nc5 22. Bxc5 bxc5 23. f4 g6 24. Kg2 a5 25. b3 Qa6 26.
Rd1 a4 27. h4 h5 28. Qf3 Kg7 29. Rd3 Rb8 30. g4 hxg4 31. Qxg4 Rh8 32. Rh3 Rh5 33. Qf3 axb3 34. axb3 Qa1 35. Kh2 Rxh4 36. Rxh4 Bxh4 37. Kg2 Qd1 38. Re4 Qc2+ 39. Re2 Qb1 40. Re4 d3 41. Re3 d2 42. Rd3 Be1 43. Rd8 Qf5 44. Qh3 Qe4+ 45. Kg1 Kf6 46. Qg4 Qe3+ 47. Kg2 Qe4+ 48. Kg1 Qf5 49.
Qf3 g5 50. fxg5+ Kxg5 51. Rg8+ Kf6 52. Qe2 Qc2 53. Rd8 Qf5 54. Rd3 Qg6+ 55. Kf1 Ke7 56. Qf3 Qg5 57. Qb7+ Kf8 58. Qf3 Qg6 59. Rd7 Ke8 60.
Qc6 Kf8 61. Qf3 Kg7 62. Rd3 e5 63. Rd5 e4 64. Qf4 Qf6 65. Rg5+ Qxg5 66. Qxg5+ Kf8 67. Ke2 f6 68. Qxc5+ Kf7 69. Qd5+ Kg6 70. Qxe4+ f5 71. Qe6+ Kg5 72. c5 f4 73. Qd5+ Kg4 74. Qf3+ Kf5 75. c6 Bh4 76. c7 1-0

[Event "Early-Titled-Tuesday-Blitz-February-20-2024"]
[Site "Chess.com"]
[Date "2024.02.20"]
[Round "5"]
[White "ahmedkandiliii"]
[Black "ChessArchitect64"]
[Result "0-1"]
[WhiteElo "2517"]
[BlackElo "2222"]
[TimeControl "180+1"]
[EndTime "8:57:57 PST"]
[Termination "ChessArchitect64 won by checkmate"]

1. e4 e6 2. d4 d5 3. Nc3 Bb4 4.
e5 b6 5. a3 Bf8 6. Bd3 Ba6 7.
Bxa6 Nxa6 8. Qd3 Nb8 9. Nce2 Ne7 10. h4 Qd7 11. h5 h6 12. Rh3 c5 13. c3 Nbc6 14. b4 c4 15. Qc2 O-O-O 16. Nf3 Kb7 17. Bd2 Re8 18. Kf1 Nc8 19. g3 Nb8 20. Kg2 Be7 21. Rhh1 Bd8 22. a4 a6 23. Bf4 Rhf8 24.
Rhb1 Qc7 25. Nd2 Nd7 26. Nf1 Nb8 27. Ne3 Qe7 28. Nf1 Bc7 29. Ng1 f5 30. Nf3 Qf7 31.
Ne3 Qxh5 32. Rh1 Qf7 33. Nf1 g5 34. Be3 Qg7 35. Bd2 Ne7 36. b5 a5 37. Bc1 Ng6 38.
Ba3 Rg8 39. Bd6 Bxd6 40. exd6 Nd7 41. Re1 Qf6 42. Rxh6 Rh8 43. Rxh8 Rxh8 44. Qd2 g4 45. Ne5 Ngxe5 46. dxe5 Qg6 47. Qf4 Qh5 48. f3 Qh1+ 49. Kf2 gxf3 50. Qxf3 Qh6 51. Qf4 Qg6 52. Nd2 Rh2+ 53.
Kg1 Qh5 54. Nf3 Rh1+ 55. Kf2 Rxe1 56. Kxe1 Qh1+ 57. Kf2 Qb1 58. Qd2 Qe4 59. Qe3 Qc2+ 60.
Qd2 Qxa4 61. Qg5 Qxb5 62. Qe7 a4 63. Qxe6 a3 64. Qxf5 a2 65. e6 a1=Q 66. exd7 Qbb2+ 67. Ke3 Qac1+ 68. Kd4 Qf2+ 69. Kxd5 Qd1+ 70. Ke6 Qe3+ 71. Kf7 Qdxf3 72. Qxf3+ Qxf3+ 73. Ke8 Qc6 74. Ke7 Qe4+ 75. Kf7 Qf5+ 76. Ke7 Qe5+ 77. Kf7 Qxd6 78. Ke8 Qe6+ 79.
Kd8 Kc6 80. Kc8 Qxd7+ 81. Kb8 Qb7# 0-1

[Event "Early-Titled-Tuesday-Blitz-February-20-2024"]
[Site "Chess.com"]
[Date "2024.02.20"]
[Round "5"]
[White "Boundless_Strike"]
[Black "AlexeiShirov"]
[Result "1-0"]
[WhiteElo "2641"]
[BlackElo "2833"]
[TimeControl "180+1"]
[EndTime "8:57:59 PST"]
[Termination "Boundless_Strike won by resignation"]

1. d4 d5 2. e4 dxe4 3. Nc3 Nf6 4. f3 Bf5 5. fxe4 Nxe4 6. Qf3 Nd6 7. Bf4 e6 8. O-O-O Nd7 9. g4 Bg6 10. Qe3 Be7 11. Nf3 h5 12. g5 Nf5 13. Qe2 h4 14. d5 e5 15. Bxe5 Nxe5 16. Nxe5 Bxg5+ 17. Kb1 O-O 18. Nxg6 fxg6 19. d6 cxd6 20. Rg1 Re8 21.
Qc4+ Kh7 22. Nd5 Re5 23. Qg4 Nh6 24. Qh3 Qc8 25. Qd3 Qf5 26. Qb3 Rae8 27. Bd3 Qf7 28. c4 Rxd5 29. cxd5 Re5 30. Bc2 Qe7 31. Qd3 Nf5 32.
Rdf1 Re3 33. Qc4 Qf6 34. Qg4 Bh6 35. Qc4 Re5 36. Qd3 Qf7 37. Bb3 Qe7 38. a3 Re3 39.
Qc4 b5 40. Qb4 Re4 41. Qc3 Re3 42. Qb4 Re4 43. Qc3 a5 44. Bc2 Re3 45. Qc8 Re5 46. Bxf5 gxf5 47. Rxf5 Re1+ 48. Rxe1 Qxe1+ 49. Ka2 Qe4 50. Rf1 Qxd5+ 51. Kb1 Qd3+ 52. Qc2 Qxc2+ 53. Kxc2 Bg5 54.
h3 Bf6 55. b3 Be5 56. Kd3 g5 57. Ke4 Kg6 58. Rf5 g4 59. hxg4 h3 60. Rh5 h2 61.
Kd5 Bg3 62. Kc6 b4 63. a4 Bf4 64. Kb5 d5 65. Kc5 Bc7 66. Kxd5 Bg3 67. Ke4 Bc7 68. Kf3 Bd6 69. Kg2 1-0

[Event "Early-Titled-Tuesday-Blitz-February-20-2024"]
[Site "Chess.com"]
[Date "2024.02.20"]
[Round "5"]
[White "ProChessWICTH"]
[Black "Navyblue1"]
[Result "0-1"]
[WhiteElo "2473"]
[BlackElo "2142"]
[TimeControl "180+1"]
[EndTime "8:58:03 PST"]
[Termination "Navyblue1 won by resignation"]

1. g4 d5 2. Bg2 e5 3. h3 c5 4. c4 d4 5. d3 Bd6 6. Nf3 Ne7 7. Na3 a6 8. Nc2 Nbc6 9. Bd2 O-O 10. O-O f5 11. gxf5 Bxf5 12. a3 Qd7 13. h4 Bh3 14. Nh2 Bxg2 15. Kxg2 Nf5 16. Nf3 Rae8 17. e4 dxe3 18. Nxe3 Nxe3+ 19. fxe3 Qg4+ 20. Kf2 e4 21. dxe4 Ne5 22. Bc3 Rxf3+ 23. Ke2 Rxf1+ 24.
Kxf1 Qxd1+ 25. Rxd1 Bb8 26. b3 Nc6 27. Rd7 g6 28. Kf2 Rf8+ 29. Ke2 Rf7 30. Rd5 Bg3 31. Rxc5 Bxh4 32. e5 Be7 33. Rd5 Bxa3 34. Kd3 Be7 35. e6 Rf1 36. Rd7 Rd1+ 37. Ke4 Rxd7 38. exd7 Nd8 39.
Kd5 Kf7 40. c5 Nc6 41. Be5 Bd8 42. Bd6 Ne7+ 43. Kc4 Nc6 44. Kd5 Ne7+ 45. Kc4 Ke6 46. e4 Nc6 47. b4 Kxd7 48. b5 axb5+ 49. Kxb5 Ke6 50. Kc4 Ne5+ 51. Kd4 Nf7 52. Bf4 g5 53. Bc1 Bf6+ 54. Ke3 h5 55. Kf3 g4+ 56. Kg3 Bg5 57.
Bb2 Bf6 58. Bc1 Ne5 59. Bf4 Nd3 60. Be3 Be7 61. Bd4 Nxc5 62. e5 Nd7 63. Bc3 Nxe5 64. Bd2 Ng6 65. Bc1 Bd6+ 66. Kg2 b5 67. Bb2 b4 68.
Kf2 Kd5 69. Ke2 Be5 70. Bc1 b3 71. Kf2 b2 72. Bxb2 Bxb2 73. Kg3 Be5+ 74. Kg2 Ke4 75. Kf2 h4 76. Kg2 h3+ 77. Kg1 g3 78. Kh1 Kf5 79.
Kg1 Kg4 80. Kh1 Nh4 81. Kg1 Nf3+ 82. Kf1 g2+ 0-1

[Event "Early-Titled-Tuesday-Blitz-February-20-2024"]
[Site "Chess.com"]
[Date "2024.02.20"]
[Round "5"]
[White "BilicVladimir"]
[Black "klimkoj"]
[Result "1/2-1/2"]
[WhiteElo "2654"]
[BlackElo "2863"]
[TimeControl "180+1"]
[EndTime "8:58:10 PST"]
[Termination "Game drawn - insufficient material"]

1. e4 e5 2. Nf3 Nc6 3. Bb5 a6 4.
Ba4 Nf6 5. d3 b5 6. Bb3 Bc5 7.
O-O O-O 8. a4 Rb8 9. axb5 axb5 10.
Nc3 d6 11. Nd5 h6 12. h3 Kh7 13. Be3 Bxe3 14. Nxf6+ Qxf6 15. fxe3 Qd8 16. Qe1 Be6 17. Bxe6 fxe6 18. Qg3 Ra8 19. Rae1 Qd7 20. Rf2 Rf6 21.
Ref1 Raf8 22. c3 Rg6 23. Qh4 Rff6 24. Nh2 Rxf2 25. Qxf2 Rf6 26. Qe2 Rxf1+ 27. Qxf1 Kg8 28. Qf3 Nd8 29. Ng4 Nf7 30. Qd1 d5 31. exd5 exd5 32.
Qb3 c6 33. Qb4 Qf5 34. e4 Qe6 35. Qc5 dxe4 36. dxe4 h5 37. Ne3 Ng5 38. Nf5 Nxe4 39. Ne7+ Kf7 40. Qxc6 Nd2 41. Qxe6+ Kxe6 42. Nc6 Nc4 43.
Na7 Nd6 44. b3 Kd5 45. c4+ bxc4 46. bxc4+ Kxc4 47. Nc6 Kd5 48. Ne7+ Ke6 49. Nc6 Nb5 50. Kf2 Nd4 51. Nb4 h4 52. Ke3 Kf5 53. Nd5 Nc6 54. Nc3 Ne7 55. Kf3 Ng6 56. g3 hxg3 57. Kxg3 Nf4 58.
h4 e4 59. Nd1 Nd5 60. Nf2 e3 61. Nh3 Ke4 62. Ng1 Nf4 63. Kg4 Nd3 64. Kg5 Ne5 65.
h5 Nf3+ 66. Kg6 Nxg1 67. Kxg7 e2 68. h6 e1=Q 69. h7 Qg3+ 70. Kh8 Qh4 71. Kg7 Qg5+ 72.
Kf7 Qf5+ 73. Kg8 Nf3 74. h8=Q Ng5 75. Qh1+ Kd4 76. Qd1+ Kc4 77. Qc1+ Kb3 78. Qd1+ Kc3 79. Qc1+ Kb4 80. Qb2+ Kc5 81. Qc3+ Kd6 82. Qd4+ Ke7 83. Qb4+ Kf6 84. Qf8+ Ke5 85. Qxf5+ Kxf5 1/2-1/2

[Event "Early-Titled-Tuesday-Blitz-February-20-2024"]
[Site "Chess.com"]
[Date "2024.02.20"]
[Round "5"]
[White "Pikku_Myy73"]
[Black "BallottiLuca"]
[Result "1-0"]
[WhiteElo "2250"]
[BlackElo "2402"]
[TimeControl "180+1"]
[EndTime "8:58:15 PST"]
[Termination "Pikku_Myy73 won by checkmate"]

1. d4 Nf6 2. c4 g6 3. Nc3 Bg7 4.
e4 O-O 5. Nf3 d6 6. h3 e5 7. d5 a5 8. Be2 Na6 9. Qc2 Nh5 10. g3 f5 11. Nh4 f4 12. Bxh5 gxh5 13.
Qe2 Qf6 14. Bd2 Nb4 15. O-O-O f3 16. Qe3 Kh8 17. a3 Na6 18. Qg5 Qxg5 19. Bxg5 Bd7 20.
Be3 Nc5 21. Bxc5 dxc5 22. Rd3 Rf7 23. Nd1 Raf8 24. Kc2 b5 25. Ne3 Bh6 26. Nhf5 bxc4 27. Rc3 Ba4+ 28. Kc1 Bg5 29. Rxc4 Bb5 30. Rxc5 Be2 31.
Kc2 Rb8 32. b3 Be7 33. Rc3 Bxa3 34. Ra1 Bb4 35. Rc6 Bb5 36. Nc4 Bxc6 37. dxc6 Re8 38.
Nfe3 Rf6 39. Nd5 Rxc6 40. Kd3 Rd6 41. Ke3 Rdd8 42. Kxf3 c6 43. Nde3 Rf8+ 44. Kg2 Rd3 45. Nxe5 Rxb3 46. Nf3 Rb2 47. Nd1 Rc2 48. Rb1 Bc5 49.
Rb2 Rxb2 50. Nxb2 a4 51. Nxa4 Bb4 52. Nb2 c5 53. Nc4 Ra8 54. e5 Kg7 55. Nh4 Kf7 56.
Kf3 Ke6 57. Ke4 Rd8 58. Nf3 Bc3 59. Ng5+ Ke7 60. Nd6 Bxe5 61. Nf5+ Kf8 62. Kxe5 c4 63. Ne6+ Kg8 64. Nxd8 c3 65. Ne3 Kg7 66. Kd4 Kf8 67.
Kxc3 Ke7 68. Nc6+ Ke6 69. Nd4+ Ke5 70. Ndf5 Ke4 71. Kd2 Kf3 72. Ke1 h6 73. Nh4+ Ke4 74.
Ke2 Kd4 75. f3 Ke5 76. Kd3 Kf6 77. f4 Kg7 78. Ke4 Kf6 79. Nd5+ Kg7 80. f5 Kf7 81. f6 Kf8 82. Kf5 Kf7 83. Nf4 Kf8 84. Kg6 Kg8 85. Kxh6 Kf8 86. Kg6 Ke8 87. f7+ Kf8 88. Ne6+ Ke7 89.
f8=Q+ Kxe6 90. Qf7+ Ke5 91. Qf6+ Ke4 92. Qf5+ Kd4 93.
Qe6 Kc3 94. Qd5 Kb4 95. Qc6 Ka3 96. Qb5 Ka2 97. Kf5 Ka1 98. Ke4 Ka2 99. Kd3 Ka1 100.
Kc2 Ka2 101. Qa4# 1-0

[Event "Early-Titled-Tuesday-Blitz-February-20-2024"]
[Site "Chess.com"]
[Date "2024.02.20"]
[Round "5"]
[White "Journey_to_GrandMaster_YT"]
[Black "chess94cu"]
[Result "1/2-1/2"]
[WhiteElo "2520"]
[BlackElo "2656"]
[TimeControl "180+1"]
[EndTime "8:58:22 PST"]
[Termination "Game drawn by stalemate"]

1. d4 Nf6 2. Nf3 e6 3. c4 Bb4+ 4. Nbd2 d5 5. a3 Be7 6. Qc2 b6 7. e4 dxe4 8. Nxe4 Bb7 9. Bd3 Nbd7 10. O-O O-O 11. Bf4 Qc8 12. Rfe1 Re8 13. Ne5 h6 14. Rad1 c5 15. Nxd7 Nxd7 16. d5 exd5 17. cxd5 Bxd5 18. Bb5 Bc6 19. Nd6 Bxd6 20. Rxe8+ Qxe8 21. Bxc6 Bxf4 22. Bxa8 Nf6 23. Bf3 Be5 24. Qe2 Qb8 25. g3 Bd4 26. b4 Qd6 27. bxc5 bxc5 28. Kg2 g6 29. Rb1 h5 30. h4 Kg7 31. Rb7 Nd7 32. Be4 Ne5 33. Rxa7 c4 34. Rb7 c3 35. Bc2 Qxa3 36. Qe4 Qd6 37.
Bb3 Qf6 38. f4 c2 39. Bxc2 Ng4 40. Bb3 Nh6 41. Bxf7 Nxf7 42. Qd5 Bc5 43. Qxc5 Qe6 44. Qb6 Qe2+ 45. Qf2 Qe4+ 46. Qf3 Qc2+ 47. Kh3 Qf5+ 48.
Kg2 Qc2+ 49. Qf2 Qf5 50. Qb2+ Kh7 51. Qb3 Qe4+ 52. Kh3 Qf5+ 53. Kg2 Kg7 54. Qc3+ Kh7 55. Qc4 Kg7 56. Qd4+ Kh7 57. Qc4 Kg7 58. Qb3 Qe4+ 59.
Kh2 Qf5 60. Qc3+ Kh7 61. Qc4 Kg7 62. Rxf7+ Qxf7 63. Qxf7+ Kxf7 64. Kg2 Kf6 65. Kf3 Kf5 66. Kf2 Kg4 67. Kg2 Kf5 68. Kf3 Kf6 69. Ke3 Kf5 70. Kf3 Kf6 71. g4 hxg4+ 72. Kxg4 Kf7 73. Kg3 Kf6 74. Kg2 Kf5 75. Kf3 Kf6 76. Ke4 Ke6 77. Ke3 Kf5 78. Kf3 Kf6 79. Kg4 Kf7 80. h5 gxh5+ 81.
Kxh5 Kf6 82. Kg4 Kg6 83. f5+ Kf6 84. Kf4 Kf7 85. Ke5 Ke7 86. f6+ Kf7 87. Kf5 Kf8 88. Ke6 Ke8 89. Ke5 Kf7 90. Kf5 Kf8 91. Kg6 Kg8 92.
f7+ Kf8 93. Kf6 1/2-1/2

[Event "Early-Titled-Tuesday-Blitz-February-20-2024"]
[Site "Chess.com"]
[Date "2024.02.20"]
[Round "5"]
[White "Yeritsyaan"]
[Black "WindWhistler11"]
[Result "1-0"]
[WhiteElo "2618"]
[BlackElo "2480"]
[TimeControl "180+1"]
[EndTime "8:58:26 PST"]
[Termination "Yeritsyaan won by resignation"]

1. Nf3 Nf6 2. c4 e6 3. b3 b6 4.
Bb2 Bb7 5. e3 c5 6. Be2 d6 7.
O-O Be7 8. d4 cxd4 9. Nxd4 O-O 10. Bf3 Qd7 11. Nc3 Na6 12. Rc1 Rac8 13. Bxb7 Qxb7 14.
Qf3 Qxf3 15. Nxf3 Nb4 16. Rfd1 Rfd8 17. a3 Nc6 18. Nd4 Na5 19. Ba1 Bf8 20. Rb1 d5 21. cxd5 Nxd5 22. Nxd5 Rxd5 23. e4 Rd7 24. b4 Nc4 25. Nb5 Rxd1+ 26. Rxd1 a6 27. Nd4 Nxa3 28. b5 axb5 29. Bb2 b4 30. g4 g6 31. Nf3 Rc4 32.
Bd4 Bc5 33. Bf6 Bf8 34. Rd8 Rc7 35. Nd4 Nc4 36. Nb3 Nd6 37. f3 Nb7 38. Rb8 Na5 39. Nd4 Nc4 40. Nb5 Rd7 41. Nd4 Nd2 42. Kf2 e5 43.
Ne2 b3 44. Nc3 b2 45. Ke2 b1=Q 46. Nxb1 Nxb1 47. Bxe5 Re7 48. Bd6 Kg7 49. Bxe7 Bxe7 50. Rxb6 Nc3+ 51. Kd3 Na4 52. Rb5 Nc5+ 53. Ke2 Ne6 54. Kf2 Bc5+ 55. Kg3 Be3 56. h3 Bf4+ 57. Kg2 Bc7 58. Rb2 Nf4+ 59. Kf2 Nxh3+ 60. Ke3 Bf4+ 61.
Kd3 Be5 62. Rb5 Nf4+ 63. Ke3 Bd6 64. e5 Bxe5 65. Rxe5 Ne6 66. Ra5 Kf6 67. f4 Kg7 68. Ke4 Nd8 69. Ra6 Nb7 70. Rc6 Na5 71. Rc3 Nb7 72.
Kd5 Nd8 73. f5 gxf5 74. gxf5 Kf6 75. Rf3 Nb7 76. Ke4 Nc5+ 77. Kf4 Nd7 78. Rh3 Ne5 79.
Rh6+ Kg7 80. Rh1 Nd3+ 81. Kg5 Nc5 82. f6+ Kg8 83. Rc1 Ne4+ 84. Kf5 Nd6+ 85. Ke5 Ne8 86. Rc8 Kf8 87. Kd5 h5 88. Kc6 h4 89. Kd7 Kg8 90.
Rxe8+ Kh7 91. Ke7 h3 92. Kxf7 1-0

[Event "Early-Titled-Tuesday-Blitz-February-20-2024"]
[Site "Chess.com"]
[Date "2024.02.20"]
[Round "5"]
[White "DonkyDonkyDonkey"]
[Black "Ordekalog"]
[Result "1/2-1/2"]
[WhiteElo "2914"]
[BlackElo "2617"]
[TimeControl "180+1"]
[EndTime "8:58:35 PST"]
[Termination "Game drawn by repetition"]

1. e4 c5 2. Nc3 e6 3. f4 d5 4. Nf3 dxe4 5. Bb5+ Bd7 6. Bxd7+ Qxd7 7. Nxe4 Nc6 8. O-O Nf6 9. Nxf6+ gxf6 10. d3 O-O-O 11.
Be3 Rg8 12. a3 Qc7 13. Qe2 a6 14. c3 Ne7 15. b4 Nd5 16. Rac1 Bh6 17. Bd2 Bxf4 18.
Kh1 Bxd2 19. Nxd2 f5 20. Qf3 Nf6 21. bxc5 Ng4 22. g3 Ne5 23. Qg2 Nxd3 24. Rb1 Nxc5 25. Nc4 Qc6 26. Qxc6+ bxc6 27. Ne5 Kc7 28. Nxf7 Rd2 29.
Rb4 Nd3 30. Rh4 Rg7 31. Nh6 f4 32. Ng4 h5 33. Nf6 fxg3 34. hxg3 Rxg3 35. Ne4 Rgg2 36.
Nxd2 Rxd2 37. Rxh5 Nf2+ 38. Kg1 Ne4 39. Rh4 Nxc3 40.
Rf7+ Kd6 41. Rf8 Nd5 42. Ra4 Ke7 43. Rh8 c5 44. Rxa6 c4 45. Rc6 c3 46. Rhc8 Kd7 47.
a4 Ra2 48. Rc4 Rxa4 49. Rxa4 Kxc8 50. Rc4+ Kd7 51. Kf2 Kd6 52. Kf3 Ke5 53. Ke2 Kd6 54. Kd3 Ke5 55. Rc8 Kd6 56. Ke4 Nf6+ 57. Kd4 Nd5 58. Rc4 e5+ 59. Kd3 Ke6 60. Rc6+ Kf5 61.
Rd6 Nf4+ 62. Kxc3 Ke4 63. Kd2 Nd5 64. Rd8 Nf4 65. Re8 Nd5 66. Ke2 Kd4 67. Kf3 Nc3 68. Rd8+ Nd5 69. Kg4 Kc5 70. Kf5 Nb4 71. Rd1 Nc6 72. Ke4 Nb4 73. Kxe5 Kc4 74. Ke4 Kc5 75. Rc1+ Kb5 76. Kd4 Nc6+ 77. Kd5 Nb4+ 78. Kd6 Ka4 79. Rb1 Nd3 80. Kd5 Ka3 81. Kc4 Nb2+ 82. Kc3 Na4+ 83.
Kc2 Nc5 84. Rb5 Na4 85. Rb3+ Ka2 86. Rg3 Nb2 87. Kc3 Ka3 88. Kc2+ Ka2 89. Rg8 Na4 90. Rb8 Ka3 91. Kd3 Nb2+ 92. Kc3 Na4+ 93. Kd4 Nb2 94. Rb7 Na4 95. Kc4 Nb2+ 96. Kc3 Na4+ 97. Kc2 Nc5 98. Rb5 Na4 99. Rb3+ Ka2 100. Rb4 Ka3 101. Rb3+ 1/2-1/2

[Event "Early-Titled-Tuesday-Blitz-February-20-2024"]
[Site "Chess.com"]
[Date "2024.02.20"]
[Round "5"]
[White "azikom"]
[Black "invisible_s0ul"]
[Result "1/2-1/2"]
[WhiteElo "2656"]
[BlackElo "2222"]
[TimeControl "180+1"]
[EndTime "8:58:35 PST"]
[Termination "Game drawn by repetition"]

1. e4 c5 2. Nc3 Nc6 3. g3 g6 4. Bg2 Bg7 5. d3 e6 6. h4 Nge7 7. h5 d5 8. Nh3 Rb8 9. exd5 exd5 10. Nf4 Bxc3+ 11. bxc3 g5 12. Ne2 h6 13. Be3 b6 14.
O-O Bg4 15. f4 Nf5 16. Bf2 Bxh5 17. Qd2 O-O 18. Rae1 Bg6 19. fxg5 Qxg5 20. Qxg5 hxg5 21. Bxd5 Ne5 22. c4 Rbd8 23. Nc3 Ng4 24. Ne4 Nxf2 25. Kxf2 Nd4 26. Nxg5 Nxc2 27. Re7 Bxd3 28. Rh1 Bg6 29. Rh6 Kg7 30. Rh4 Rd6 31. Rxa7 Nd4 32. Rf4 Rf6 33. a4 Rxf4+ 34. gxf4 Kf6 35. Ne4+ Bxe4 36. Bxe4 Ke6 37. Ke3 f5 38. Bd5+ Kd6 39. Rb7 Re8+ 40. Kd3 Re1 41. Rxb6+ Kc7 42. Rb7+ Kc8 43. Rf7 Ra1 44.
Rf8+ Kc7 45. Ra8 Ra3+ 46. Kd2 Ra2+ 47. Ke3 Re2+ 48. Kd3 Rf2 49. a5 Rxf4 50. a6 Rf1 51. a7 Rd1+ 52. Ke3 Re1+ 53. Kf4 Rf1+ 54. Ke5 Re1+ 55.
Kf6 Ra1 56. Kg5 Nc6 57. Bxc6 Kxc6 58. Rc8+ Kb7 59. Rxc5 Kxa7 60. Rxf5 Kb7 61. Kf4 Kc6 62. Ke4 Re1+ 63. Kd4 Rd1+ 64. Kc3 Rh1 65. Re5 Rh3+ 66.
Kb4 Rh6 67. Rg5 Kc7 68. Kb5 Rb6+ 69. Kc5 Rc6+ 70. Kd4 Rd6+ 71. Kc3 Rh6 72. Kb4 Rb6+ 73. Rb5 Rh6 74. Rf5 Rb6+ 75. Ka5 Rh6 76. Kb5 Rb6+ 77. Kc5 Rc6+ 78. Kd4 Rd6+ 79. Kc3 Rh6 80. Rf8 Rg6 81.
Kb4 Rb6+ 82. Kc3 Rg6 83. Rf7+ Kc8 84. c5 Rc6 85. Kc4 Rh6 86. Kb5 Rg6 87. Rh7 Rf6 88. c6 Rf1 89. Kc5 Rc1+ 90. Kd6 Rd1+ 91. Kc5 Rc1+ 92.
Kd6 Rd1+ 93. Kc5 Rc1+ 1/2-1/2

[Event "Early-Titled-Tuesday-Blitz-February-20-2024"]
[Site "Chess.com"]
[Date "2024.02.20"]
[Round "5"]
[White "arnash_bauyrzhan"]
[Black "Muslim_player_05"]
[Result "1/2-1/2"]
[WhiteElo "2266"]
[BlackElo "2470"]
[TimeControl "180+1"]
[EndTime "8:58:50 PST"]
[Termination "Game drawn - insufficient material"]

1. e4 c5 2. Nf3 g6 3. c3 d5 4.
e5 Bg7 5. d4 cxd4 6. cxd4 a6 7.
h3 Nc6 8. Be2 f6 9. Bf4 fxe5 10.
Nxe5 Nf6 11. O-O O-O 12. Nxc6 bxc6 13. Nd2 Nh5 14. Bh2 Nf4 15. Nf3 Qb6 16. b3 a5 17.
Rc1 Nxe2+ 18. Qxe2 Ba6 19. Qe6+ Kh8 20. Rxc6 Qb5 21.
Rfc1 Rf6 22. Qd7 Rxc6 23. Qxc6 Qxc6 24. Rxc6 Rc8 25. Rxc8+ Bxc8 26. Be5 Kg8 27. Bxg7 Kxg7 28. Ne5 Bf5 29. Nc6 Bb1 30. a3 Kf6 31. Nxa5 e5 32. Nc6 exd4 33. Nxd4 Ke5 34. Nf3+ Kd6 35. Kf1 Bc2 36.
b4 Bd3+ 37. Ke1 Be4 38. Kd2 d4 39. Nxd4 Bxg2 40. h4 Kd5 41. Kc3 Be4 42. Ne2 Bf3 43. Nf4+ Ke4 44. Ne6 Ke5 45. Ng5 Bd5 46. Nxh7 Kf4 47.
Nf8 Bf7 48. Nd7 Kf5 49. b5 Ke6 50. Nc5+ Kd5 51. Kb4 Be8 52. b6 Bc6 53. a4 Kd6 54. a5 Bd5 55. a6 Kc6 56. a7 Kxb6 57. a8=Q Bxa8 58. Nd7+ Kc7 59. Ne5 Be4 60. Kc4 Kd6 61.
Kd4 Bf5 62. Nf3 Ke6 63. Ng5+ Kf6 64. Ke3 Ke5 65. Nf7+ Kf6 66. Ng5 Ke5 67. Kf3 Bd7 68. Kg3 Kf5 69. f4 Bc6 70. Nf3 Bd5 71. Ne5 Be4 72.
Nf3 Bd5 73. Nd4+ Kf6 74. Kg4 Bb7 75. Nf3 Bc8+ 76. Kg3 Bb7 77. Ng5 Bd5 78. Nf3 Be4 79. Nd4 Bd5 80. Kg4 Bb7 81. h5 gxh5+ 82. Kxh5 Bc8 83.
Kh4 Bd7 84. Kg3 Bf5 85. Kf3 Bd7 86. f5 Bxf5 1/2-1/2

[Event "Early-Titled-Tuesday-Blitz-February-20-2024"]
[Site "Chess.com"]
[Date "2024.02.20"]
[Round "5"]
[White "PositionalPanther"]
[Black "NovozhilovSemen"]
[Result "1/2-1/2"]
[WhiteElo "2521"]
[BlackElo "2665"]
[TimeControl "180+1"]
[EndTime "8:59:52 PST"]
[Termination "Game drawn by 50-move rule"]

1. Nf3 Nf6 2. g3 d5 3. Bg2 c6 4. O-O Bg4 5. h3 Bh5 6. c4 Nbd7 7. d4 e6 8. cxd5 cxd5 9. Nc3 Bd6 10. Qb3 b6 11.
Bf4 Bxf4 12. gxf4 O-O 13. Ne5 Nxe5 14. fxe5 Ne8 15. Kh1 f6 16. f4 fxe5 17. fxe5 Nc7 18. e4 dxe4 19. Rxf8+ Qxf8 20. Nxe4 Rd8 21. Qg3 Bg6 22.
Nd6 Ne8 23. Rf1 Qe7 24. d5 Nxd6 25. exd6 Qxd6 26. Qxd6 Rxd6 27. dxe6 Rxe6 28. Bd5 Be4+ 29. Bxe4 Rxe4 30. Rc1 Kf7 31. Rc7+ Re7 32. Rc6 h5 33.
a4 h4 34. a5 bxa5 35. Ra6 g5 36. Rxa5 Kg6 37. b4 Rb7 38. b5 Rc7 39. Kg2 Rc2+ 40.
Kg1 Rc1+ 41. Kg2 Rc2+ 42. Kg1 Rb2 43. Rxa7 Rxb5 44. Ra3 Kf5 45. Rf3+ Ke4 46. Rf8 Rf5 47. Ra8 Kf4 48. Ra4+ Kg3 49. Ra3+ Rf3 50. Ra5 Kf4 51. Ra4+ Kf5 52. Ra5+ Kf4 53. Ra4+ Kg3 54. Ra5 Kxh3 55. Rxg5 Ra3 56. Rg7 Ra1+ 57. Kf2 Kh2 58. Rg4 h3 59. Rg6 Ra2+ 60. Kf1 Rg2 61. Rh6 Rg1+ 62. Kf2 Rg7 63. Rf6 Rg2+ 64. Kf1 Rb2 65. Rg6 Ra2 66. Rg7 Rg2 67.
Rf7 Kh1 68. Rf6 Ra2 69. Rg6 Ra3 70. Kf2 Kh2 71. Kf1 Rf3+ 72. Ke2 Rf7 73. Rg5 Rf4 74. Rg6 Rf5 75. Rg7 Kh1 76. Rg4 Rf6 77. Rg5 Ra6 78. Kf2 Ra2+ 79. Kf1 Rg2 80. Rh5 Kh2 81.
Rf5 Kg3 82. Rg5+ Kf3 83. Rf5+ Kg4 84. Rf8 Ra2 85. Rg8+ Kf3 86. Rf8+ Ke4 87. Re8+ Kf5 88. Rf8+ Kg6 89. Rg8+ Kf7 90. Rh8 h2 91. Rh7+ Kg6 92. Rh3 Kf5 93. Rh4 Kg5 94. Rh8 Rb2 95. Rh7 Kf4 96.
Rh8 Ke4 97. Re8+ Kf3 98. Rf8+ Kg4 99. Rg8+ Kh3 100. Rh8+ Kg3 101. Rg8+ Kf4 102. Rf8+ Kg5 103. Rg8+ Kf5 104. Rf8+ Ke6 105. Re8+ Kd6 106. Rh8 Ke5 107. Rh5+ Kf6 108. Rh8 Kf7 109. Rh4 Kg7 110. Rh3 Kg6 111. Rh8 Kg7 112. Rh3 Rc2 113. Rh4 Kg6 114. Rh3 Kf5 115. Rh8 Ke4 116. Re8+ Kd4 117. Rd8+ Ke5 118. Re8+ Kd6 119. Rf8 Kc7 120. Rh8 Kb6 121. Rh6+ Ka5 122. Rh5+ Ka4 123. Rh4+ Ka3 124. Rh3+ Kb2 125. Rh7 Kc1 126. Rh6 Rd2 127. Rh7 Kc2 128. Rh6 Kd3 129. Rh7 Re2 130. Rh6 Ra2 131. Rh3+ Ke4 132. Rh8 Ke3 133. Re8+ Kd4 134. Rd8+ Kc3 135. Rh8 Kc4 136. Rh4+ Kd3 137. Rh8 Ke4 138. Re8+ Kf3 139. Rf8+ Kg3 140. Rg8+ Kh3 1/2-1/2